 Dungeon Crawl Stone Soup version 0.27.1-3-gb3d3a73c9e (webtiles) character file.

Game seed: 12893489983016304003

49 pkoi the Slasher (level 3, -2/30 HPs)
             Began as a Minotaur Gladiator on Oct 25, 2021.
             Slain by Grinder (4 damage)
             ... on level 2 of the Dungeon.
             The game lasted 00:02:04 (2158 turns).

pkoi the Slasher (Minotaur Gladiator)               Turns: 2158, Time: 00:02:05

Health: -2/30      AC: 10    Str: 19    XL:     3   Next: 51%
Magic:  2/2        EV:  5    Int:  5    God:
Gold:   48         SH:  3    Dex: 11    Spells: 2/2 levels left

rFire    . . .     SeeInvis .   a - +0 long sword
rCold    . . .     Faith    .   k - +0 buckler
rNeg     . . .     Spirit   .   i - +0 plate armour
rPois    .         Reflect  .   c - +0 hat
rElec    .         Harm     .   h - scarf {repulsion}
rCorr    .         Rampage  .   (no gloves)
Will     .....                  (no boots)
Stlth    ..........             (no amulet)
HPRegen  0.10/turn              (no ring)
MPRegen  0.08/turn              (no ring)

@: repel missiles
A: horns 2, retaliatory headbutt
a: no special abilities


You were on level 2 of the Dungeon.
You visited 1 branch of the dungeon, and saw 3 of its levels.

You collected 48 gold pieces.

Inventory:

Hand Weapons
 a - a +0 long sword (weapon)
Missiles
 d - 3 throwing nets (quivered)
 j - 15 poisoned darts
Armour
 c - a +0 hat (worn)
 h - a scarf of repulsion (worn)
 i - a +0 plate armour (worn)
 k - a +0 buckler (worn)
Wands
 l - a wand of iceblast (9)
Scrolls
 b - 2 scrolls of blinking
Potions
 e - a potion of attraction {unknown}
 f - a potion of curing
 g - a potion of berserk rage


   Skills:
 - Level 2.4 Fighting
 + Level 5.3 Long Blades
 - Level 2.0 Throwing
 - Level 3.2 Dodging
 + Level 1.1 Shields


You had 2 spell levels left.
You didn't know any spells.
Your spell library was empty.

Dungeon Overview and Level Annotations

Branches:
Dungeon (3/15)

Altars:

Shops:
D:2 *[[

Annotations:
D:2 Grinder


Innate Abilities, Weirdness & Mutations

You have a pair of horns on your head.
You reflexively headbutt those who attack you in melee.


Message History

Grinder hits you but does no damage.
You slash Grinder!
Grinder is heavily wounded.
Grinder hits you.
You writhe in agony.
* * * LOW HITPOINT WARNING * * *
You hit Grinder.
Grinder is severely wounded.
You block Grinder's attack.
You slash Grinder!
Grinder is almost dead.
Grinder gestures at you. You resist with significant effort.
Your plate armour prevents you from hitting Grinder.
Grinder is almost dead.
Grinder gestures at you.
You suddenly lose the ability to move!
Grinder gestures at you.
You shrug off the repeated paralysis!
Grinder says, "Make like a tree!"
Grinder drinks a potion.
Grinder is healed!
Grinder hits you but does no damage. Grinder hits you.
* * * LOW HITPOINT WARNING * * *
You writhe in agony.
* * * LOW HITPOINT WARNING * * *
Grinder hits you but does no damage. Grinder gestures at you.
You resist with significant effort.
You can move again.
Unknown command.
You slash Grinder!
Grinder is severely wounded.
Grinder hits you.
* * * LOW HITPOINT WARNING * * *
You writhe in agony.
* * * LOW HITPOINT WARNING * * *
Grinder hits you.
* * * LOW HITPOINT WARNING * * *
You writhe in agony.
You die...

#.# ##.∩....###....#..#
#.####.....##...#####..#
#...............#####..##
######.....##............
##...####.##........
##.## #.##.###.##. #.#
#.<......##. #.#
###...#####. #@# ###'#.#
##.. #5# #.+∩+.# #.#. #.#
##.#'### #.#.
#.####..#..# #[##
#..........# ##..
############ ###


You could see Grinder.

Vanquished Creatures
  2 adders (D:2)
  An endoplasm (D:1)
  2 giant cockroaches
  2 goblins
  6 hobgoblins
  2 jackals (D:1)
  2 quokkas
  5 ball pythons
  2 bats
  A frilled lizard (D:2)
  2 kobolds
  2 rats
29 creatures vanquished.

Vanquished Creatures (others)
  2 plants (D:2)
2 creatures vanquished.

Grand Total: 31 creatures vanquished

Notes
Turn   | Place    | Note
-------+----------+-------------------------------------------
     0 | D:1      | pkoi the Minotaur Gladiator began the quest for the Orb.
     0 | D:1      | Reached XP level 1. HP: 18/18 MP: 0/0
    65 | D:1      | You fall into a shaft and drop 1 floor!
   168 | D:2      | Found Asaenn's Assorted Antiques.
   172 | D:2      | Reached skill level 4 in Long Blades
   172 | D:2      | Reached XP level 2. HP: 24/25 MP: 1/1
   534 | D:1      | Reached skill level 5 in Long Blades
   893 | D:1      | Reached XP level 3. HP: 30/30 MP: 2/2
  1429 | D:2      | Found Fataczei's Antique Armour Boutique.
  1607 | D:2      | Reached skill level 1 in Shields
  1709 | D:2      | Found Giabrua's Antique Armour Boutique.
  2127 | D:3      | Noticed Grinder
  2134 | D:3      | Paralysed by Grinder for 7 turns
  2151 | D:2      | Paralysed by Grinder for 7 turns
  2158 | D:2      | Slain by Grinder

Illustrated notes

Levels and vault maps discovered:
D:1:      minmay_arrival_up_and_down, layout_loops_corners,
          chequers_serial_rivers_small_b
D:2:      layout_loops_ring, serial_shops, shop,
          nicolae_shop_overgrown_old_shop, nicolae_shop_behind_doors
D:3:      layout_loops_ring, amcnicky_altar_gilded, marbit_many_paths,
          uniq_grinder

Skill      XL: |  1  2  3 |
---------------+----------+-----
Long Blades    | 4 5 |  5.3
Shields        | 1 |  1.1
Fighting       | |  2.4
Throwing       | |  2.0
Dodging        | |  3.2

Action                   || total
-------------------------++-------
Melee: Long sword        ||    81
       Headbutt          ||    11
  Use: Scroll            ||     4
Armor: Leather armour    ||     4
       Plate armour      ||    48
Dodge: Dodged            ||    24
Block: Buckler           ||     8
       Rpst.: Long sword ||     9
